 Dungeon Crawl Stone Soup version 0.30.1-9-gdf580d7c3d (webtiles) character file.

Game seed: 2527274597888064395

46 Chiseanne the Ducker (level 3, 0/29 HPs)
             Began as a Demonspawn Wanderer on Oct 5, 2023.
             Killed by divine providence
             ... invoked by an orc priest
              (15 damage)
             ... on level 2 of the Dungeon.
             The game lasted 00:02:55 (1678 turns).

Chiseanne the Ducker (Demonspawn Wanderer)          Turns: 1678, Time: 00:02:56

Health: 0/29       AC:  6    Str: 11    XL:     3   Next: 44%
Magic:  3/3        EV: 13    Int: 11    God:
Gold:   63         SH:  0    Dex: 17    Spells: 2/2 levels left

rFire   + . .        a - +0 short sword
rCold   + . .        (no shield)
rNeg    . . .        b - +3 leather armour
rPois   +            (no helmet)
rElec   +            (no cloak)
rCorr   +            (no gloves)
SInv    .            (no boots)
Will    .....        (no amulet)
Stlth   +            (no ring)
HPRegen 0.24/turn    (no ring)
MPRegen 0.08/turn

%: no passive effects
@: resistant
A: claws 1, powered by pain 1
a: no special abilities


You were on level 2 of the Dungeon.
You visited 1 branch of the dungeon, and saw 2 of its levels.

You collected 63 gold pieces.

Inventory:

Hand Weapons
 a - a +0 short sword (weapon)
 w - a +0 sling
Missiles
 c - 9 poisoned darts (quivered)
 d - 45 stones
Armour
 b - a +3 leather armour (worn)
Jewellery
 i - an amulet of faith
Scrolls
 e - a scroll of fear
 k - a scroll of identify {unknown}
Potions
 g - a potion of flight {unknown}
 h - a potion of attraction {unknown}
 j - 4 potions of curing {unknown}


   Skills:
 * Level 3.5 Fighting
 - Level 1.0 Ranged Weapons
 - Level 1.7 Throwing
 * Level 1.5 Armour
 * Level 4.0 Dodging


You had 2 spell levels left.
You didn't know any spells.
Your spell library contained the following spells:

 Spells                   Type           Power      Damage    Failure   Level
 Apportation              Tloc           0%         N/A       43%         1
 Static Discharge         Conj/Air       0%         2-2/arc   56%         2
 Airstrike                Air            0%         2d(0-16)  99%         4
 Summon Lightning Spire   Summ/Air       0%         N/A       99%         4
 Alistair's Intoxication  Tmut/Pois      0%         N/A       100%        5


Dungeon Overview and Level Annotations

Branches:
Dungeon (2/15)

Altars:


Innate Abilities, Weirdness & Mutations

You have sharp fingernails.
You sometimes gain a little power by taking damage.


Message History

You hit the orc priest.
The orc priest is lightly wounded.
An orc comes into view. It is wielding a +0 hand axe.
The orc priest hits you but does no damage.
You closely miss the orc priest.
The orc priest is lightly wounded.
The orc priest hits you but does no damage.
You hit the orc priest but do no damage.
The orc priest is lightly wounded.
The orc priest hits you with a +0 short sword.
You barely miss the orc priest.
The orc priest is lightly wounded.
The orc priest casts a cantrip, but nothing happens.
You closely miss the orc priest.
The orc priest is lightly wounded.
The orc priest completely misses you.
You hit the orc priest but do no damage.
The orc priest is lightly wounded.
You hit the orc but do no damage.
The orc priest invokes the aid of Beogh against you.
Beogh smites you!
You hit the orc but do no damage. The orc misses you.
You hit the orc.
The orc is lightly wounded.
The orc misses you.
You barely miss the orc.
The orc is lightly wounded.
The orc hits you with a +0 short sword.
You aren't carrying any items that you can evoke.
Unknown command.
It was a potion of resistance.
You feel protected.
The orc priest miscasts a cantrip.
The orc hits you but does no damage.
You hit the orc.
The orc is heavily wounded.
The orc priest mumbles some strange prayers to Beogh against you.
Beogh smites you!
Ouch! That really hurt!
You die...

### ### ####.# #.########
.....# #.@oooo... ####.#
#.######## #.# #.# #.# #.# #.#
#.######### #.#### #.#........
####....##### #.#.############
............# #..............#
####....###.#####.##########.#


You could see an orc priest and 3 orcs.

Vanquished Creatures
  2 adders (D:2)
  2 dart slugs (D:1)
  3 endoplasms
  A hobgoblin (D:1)
  6 kobolds
  3 quokkas
  2 ball pythons
  A bat (D:1)
  2 frilled lizards
  3 rats
25 creatures vanquished.

Notes
Turn   | Place    | Note
-------+----------+-------------------------------------------
     0 | D:1      | Chiseanne the Demonspawn Wanderer began the quest for the
                  | Orb.
     0 | D:1      | Chiseanne set off with the following items: a +0 sling, a
                  | +2 leather armour, 9 poisoned darts, a +0 dagger, a scroll
                  | of fear.
     0 | D:1      | Reached XP level 1. HP: 18/18 MP: 1/1
   352 | D:1      | Gained mutation: You sometimes gain a little power by
                  | taking damage. [demonic ancestry]
   352 | D:1      | Reached XP level 2. HP: 18/24 MP: 2/2
   599 | D:1      | Reached skill level 1 in Armour
  1188 | D:2      | Gained mutation: You have sharp fingernails. [demonic
                  | ancestry]
  1188 | D:2      | Reached XP level 3. HP: 19/29 MP: 3/3
  1207 | D:2      | Reached skill level 4 in Dodging
  1678 | D:2      | Killed from afar by an orc priest

Illustrated notes

Levels and vault maps discovered:
D:1:      evilmike_arrival_rings, layout_loops_corners
D:2:      layout_basic, minmay_indecisive_spiral

Skill      XL: |  1  2  3 |
---------------+----------+-----
Armour         | 1 |  1.5
Dodging        | 4 |  4.0
Fighting       | |  3.5
Ranged Weapons | |  1.0
Throwing       | |  1.7

Action                     || total
---------------------------++-------
  Melee: Dagger            ||    83
         Short sword       ||    98
         Punch             ||     2
    Use: Scroll            ||     2
         Potion            ||     1
   Stab: Sleeping          ||     1
 Armour: Leather armour    ||    58
  Dodge: Dodged            ||   111
